 Dungeon Crawl Stone Soup version 0.31-a0-177-g4aa6249778 (webtiles) character file.

Game seed: 12871017866057479017

3379 qw the Cleaver (level 10, -11/63 HPs)
             Began as a Gargoyle Fighter on June 18, 2023.
             Was a Follower of Okawaru.
             Mangled by an ice beast (14 damage)
             ... summoned by an ice statue
             ... on level 8 of the Dungeon.
             The game lasted 00:03:27 (7326 turns).

qw the Cleaver (Gargoyle Fighter)                   Turns: 7326, Time: 00:03:28

Health: -11/63     AC: 26    Str: 23    XL:     10   Next: 3%
Magic:  11/13      EV:  8    Int: 10    God:    Okawaru [*.....]
Gold:   479        SH:  5    Dex:  9    Spells: 9/9 levels left

rFire   . . .        Y - +0 war axe
rCold   . . .        c - +0 buckler
rNeg    + . .        q - +0 plate armour
rPois   inf          (no helmet)
rElec   +            (no cloak)
rCorr   .            r - +1 pair of gloves
SInv    .            l - +0 pair of boots
Will    +....        n - amulet of faith Stlth
                     h - ring of willpower
HPRegen 0.30/turn    j - +4 ring of slaying {mikee}
MPRegen 0.13/turn

%: faith
@: about to teleport, heroic
A: sickness immunity, AC +7, negative energy resistance 1, electricity
resistance, torment resistance 1, petrification resistance
a: Renounce Religion, Heroism


You were on level 8 of the Dungeon.
You worshipped Okawaru.
Okawaru was aware of your devotion.
You visited 2 branches of the dungeon, and saw 9 of its levels.

You collected 479 gold pieces.


Innate Abilities, Weirdness & Mutations

You are immune to sickness and miasma.
Your stone body is resilient. (AC +7)
You are immune to poison.
You resist negative energy. (rN+)
You are resistant to electric shocks. (rElec)
You are resistant to unholy torment.
You are immune to petrification.


   Skills:
 - Level 7.2(12.2) Fighting
 + Level 9.6(14.6) Axes
 - Level 1.0(6.0) Throwing
 - Level 6.1(11.1) Armour
 - Level 1.9(6.9) Dodging
 - Level 4.0(9.0) Shields
 - Level 4.1 Invocations


You had 9 spell levels left.
You didn't know any spells.
Your spell library was empty.

Inventory:

Hand Weapons
 k - a +0 morningstar
 Y - a +0 war axe (weapon)
Missiles
 e - 2 boomerangs (quivered)
Armour
 c - a +0 buckler (worn)
 l - a +0 pair of boots (worn)
 q - a +0 plate armour (worn)
 r - a +1 pair of gloves (worn)
Jewellery
 h - a ring of willpower (left hand)
 j - a +4 ring of slaying (right hand) {mikee}
 n - an amulet of faith (around neck)
Scrolls
 a - 2 scrolls of identify
 i - a scroll of teleportation
Potions
 b - a potion of mutation
 d - 2 potions of might
 f - 2 potions of heal wounds
 g - a potion of curing
 m - 2 potions of haste
 p - a potion of attraction

Dungeon Overview and Level Annotations

Branches:
Dungeon (8/15)             Temple (1/1) D:5
   Lair: D:8-11

Altars:
Ashenzari
Cheibriados
Dithmenos
Elyvilon
Fedhas
Gozag
Hepliaklqana
Kikubaaqudgha
Makhleb
Nemelex Xobeh
Okawaru
Qazlal
Ru
Trog
Uskayaw
Vehumet
Wu Jian
Xom
Yredelemnul
Zin
The Shining One

Shops:
D:1 =

Annotations:
D:4 1 runed translucent door, Crazy Yiuf
D:8 exclusion: ice statue


Message History

The ice beast barely misses you. The ice beast hits you.
The ice beast freezes you.
7320 ||| INVOKING Heroism.
You gain the combat prowess of a mighty hero.
The ice beast hits you but does no damage.
The ice beast closely misses you. The ice statue gestures at you.
The bolt of cold hits the ice beast.
The ice beast completely resists.
The bolt of cold hits you!!
Enter note:
7321 ||| READING scroll labelled SAL ZIDUYG YRI.
As you read the scroll labelled SAL ZIDUYG YRI, it crumbles to dust.
You feel aware of your surroundings.
It was a scroll of revelation.
The ice beast hits you but does no damage. x2
The ice statue gestures at you.
The freezing blast engulfs the ice beast.
The ice beast completely resists.
Enter note:
Enter note:
Enter note:
Enter note:
Enter note:
Enter note:
Enter note:
Enter note: You are engulfed in freezing vapours.
The ice beast hits you but does no damage. x2
7323 ||| Stepping ~*~*~tactically~*~*~ (cloud).
You closely miss the ice beast.
The ice beast is severely wounded.
You closely miss the ice beast.
The ice beast is severely wounded.
The ice beast hits you. The ice beast freezes you!
7326 ||| READING 2 scrolls of teleportation.
As you read the scroll of teleportation, it crumbles to dust.
You feel strangely unstable.
The ice beast hits you but does no damage.
The ice beast hits you. The ice beast freezes you!
You die...

#...,,,,.##?#####..#...,,*.# *,
....,,,,##...####..#.#####.#****,
#...,*,*#..8.!#.#..#?#....!.,,,,,
*,,,,*,*.....##....#.##..#.#*****
*,,,,*,,....##)......##.##.#*,,,,
******,,.o.##.....#####.##.#*,***
*,,..##0..0........##.#*,***
*,,.##...YYY#####..##.#,,,,,
*,,##...00#@#####..##.######
**,#!.80.#######...........>
**##...########..........#.
###$#########..........#.
#############(.........#.
####.########.#........#.
############.##....##.#........#.
.............##....##.#.########.
############..'....##.#..........


You could see 3 ice beasts.

Vanquished Creatures
  Sigmund (D:3)
  A wyvern (D:7)
  2 steam dragons
  Edmund (D:5)
  Menkaure (D:7)
  An orc warrior (D:7)
  3 sky beasts
  A black bear (D:3)
  An ice beast (D:6)
  An ogre (D:6)
  A centaur (D:6)
  A phantom (D:4)
  A scorpion (D:5)
  2 bullfrogs
  A gnoll sergeant (D:6)
  5 wights (D:8)
  2 jellies
  4 hounds
  3 gnoll boudas
  2 orc priests (D:4)
  Ijyb (D:5)
  2 sleepcaps (D:4)
  5 iguanas
  14 orc wizards
  20 gnolls
  9 adders
  A shadow imp (D:6)
  2 worms
  2 dart slugs
  23 orcs
  2 endoplasms (D:4)
  5 giant cockroaches
  7 goblins
  6 hobgoblins
  5 jackals
  4 kobolds
  3 quokkas (D:3)
  3 ball pythons
  6 bats
  2 frilled lizards
  6 rats
163 creatures vanquished.

Notes
Turn   | Place    | Note
-------+----------+-------------------------------------------
     0 | D:1      | qw the Gargoyle Fighter began the quest for the Orb.
     0 | D:1      | Reached XP level 1. HP: 14/14 MP: 1/1
     0 | D:1      | 0 ||| qw: Version: 0.3-a-5-g6f28e65
     0 | D:1      | 0 ||| qw: Game counter: 617
     0 | D:1      | 0 ||| qw: Always use a shield: true
     0 | D:1      | 0 ||| qw: God list: Okawaru
     0 | D:1      | 0 ||| qw: Allow faded altars: false
     0 | D:1      | 0 ||| qw: Do Orc after D:15 true
     0 | D:1      | 0 ||| qw: Do second Lair branch before Depths: true
     0 | D:1      | 0 ||| qw: Lair rune preference: random
     0 | D:1      | 0 ||| qw: Plans: Normal, Zot:1-4, Slime:5, God:TSO, Crypt,
                  | Tomb, Abyss, Pan, Hells, Win
     0 | D:1      | 0 ||| PLANNING D:1-11
     9 | D:1      | 9 ||| Stepping ~*~*~tactically~*~*~ (water).
    13 | D:1      | Reached skill level 2 in Axes
    74 | D:1      | 74 ||| Stepping ~*~*~tactically~*~*~ (stealth).
    86 | D:1      | Reached XP level 2. HP: 19/19 MP: 2/2
   539 | D:1      | Found Siabbaix's One-of-a-Kind Rings.
   546 | D:1      | 546 ||| SHOPLISTING +5 ring of dexterity (273 gold, have
                  | 60).
   546 | D:1      | 546 ||| SHOPLISTING +8 ring of slaying (2600 gold, have
                  | 60).
   546 | D:1      | 546 ||| SHOPLISTING +9 ring of strength (1014 gold, have
                  | 60).
   546 | D:1      | 546 ||| SHOPLISTING ring of Ofeutz {rF+ rC+ Int-2 Slay+3
                  | SInv} (577 gold, have 60).
   546 | D:1      | 546 ||| SHOPLISTING ring of Scepticism {rC+ Will- Int+8
                  | Dex-2 SInv} (579 gold, have 60).
   635 | D:1      | 635 ||| UPGRADING to ring of willpower.
   636 | D:1      | 636 ||| READING scroll labelled QONNYCWONO.
   649 | D:1      | 649 ||| READING scroll labelled XOBLYH OQUS.
   650 | D:1      | 650 ||| READING scroll labelled UDYTOI UCIAKIX.
   684 | D:2      | 684 ||| DROPPING +0 club.
   717 | D:2      | Reached skill level 3 in Axes
   744 | D:2      | 744 ||| DROPPING +0 whip.
   788 | D:2      | 788 ||| Stepping ~*~*~tactically~*~*~ (stealth).
   793 | D:2      | Reached XP level 3. HP: 23/23 MP: 3/3
  1263 | D:2      | 1263 ||| UPGRADING to +0 pair of boots.
  1268 | D:2      | 1268 ||| READING scroll labelled NUANOU UDONINU.
  1369 | D:2      | 1369 ||| READING scroll labelled LINUFIE TYMNE.
  1370 | D:2      | 1370 ||| DRINKING 2 smoky green potions.
  1371 | D:2      | 1371 ||| DROPPING potion of degeneration.
  1426 | D:3      | Noticed Sigmund
  1442 | D:3      | Killed Sigmund
  1443 | D:3      | Reached skill level 5 in Axes
  1443 | D:3      | Reached XP level 4. HP: 9/28 MP: 4/4
  1443 | D:3      | Reached XP level 5. HP: 10/32 MP: 5/5
  1560 | D:3      | 1560 ||| Stepping ~*~*~tactically~*~*~ (hiding).
  1565 | D:3      | Reached XP level 6. HP: 21/37 MP: 6/6
  1712 | D:3      | Found an ancient bone altar of Kikubaaqudgha.
  1766 | D:3      | 1766 ||| DROPPING +0 mace.
  1774 | D:3      | 1774 ||| Stepping ~*~*~tactically~*~*~ (stealth).
  1922 | D:3      | Found a faded altar of an unknown god.
  2032 | D:3      | Noticed a black bear
  2039 | D:3      | Killed a black bear
  2040 | D:3      | Reached skill level 1 in Dodging
  2247 | D:3      | 2247 ||| UPGRADING to +4 ring of slaying {mikee}.
  2248 | D:3      | 2248 ||| READING scroll labelled LEENOD CIUFENG.
  2249 | D:3      | 2249 ||| DRINKING 3 coppery potions.
  2254 | D:3      | 2254 ||| READING 4 scrolls of identify.
  2254 | D:3      | 2254 ||| IDENTIFYING fuming clear potion
  2255 | D:3      | 2255 ||| DROPPING 2 potions of ambrosia.
  2336 | D:4      | 2336 ||| Stepping ~*~*~tactically~*~*~ (hiding).
  2337 | D:4      | 2337 ||| Stepping ~*~*~tactically~*~*~ (hiding).
  2340 | D:4      | 2340 ||| Stepping ~*~*~tactically~*~*~ (hiding).
  2341 | D:4      | 2341 ||| Stepping ~*~*~tactically~*~*~ (hiding).
  2359 | D:4      | 2359 ||| Stepping ~*~*~tactically~*~*~ (hiding).
  2363 | D:4      | 2363 ||| DRINKING potion of curing.
  2363 | D:4      | 2363 ||| (to cure confusion)
  2391 | D:4      | 2391 ||| Stepping ~*~*~tactically~*~*~ (stealth).
  2396 | D:4      | 2396 ||| Stepping ~*~*~tactically~*~*~ (stealth).
  2397 | D:4      | 2397 ||| Stepping ~*~*~tactically~*~*~ (hiding).
  2398 | D:4      | 2398 ||| Stepping ~*~*~tactically~*~*~ (hiding).
  2410 | D:4      | Reached XP level 7. HP: 43/43 MP: 7/7
  2413 | D:4      | 2413 ||| Stepping ~*~*~tactically~*~*~ (stealth).
  2427 | D:4      | Reached skill level 1 in Throwing
  2428 | D:4      | 2428 ||| Stepping ~*~*~tactically~*~*~ (stealth).
  2505 | D:4      | Reached skill level 6 in Axes
  2508 | D:4      | 2508 ||| Stepping ~*~*~tactically~*~*~ (stealth).
  2635 | D:4      | Found a runed translucent door.
  2636 | D:4      | Noticed Crazy Yiuf
  2688 | D:4      | 2688 ||| Stepping ~*~*~tactically~*~*~ (stealth).
  2841 | D:4      | 2841 ||| Stepping ~*~*~tactically~*~*~ (stealth).
  2938 | D:4      | Found a glowing silver altar of Zin.
  2983 | D:4      | 2983 ||| UPGRADING to +0 chain mail.
  2993 | D:4      | 2993 ||| DROPPING +0 scale mail.
  2994 | D:4      | 2994 ||| UPGRADING to amulet of faith.
  2999 | D:4      | 2999 ||| READING 6 scrolls of identify.
  2999 | D:4      | 2999 ||| IDENTIFYING puce potion
  3000 | D:4      | 3000 ||| READING 5 scrolls of identify.
  3000 | D:4      | 3000 ||| IDENTIFYING white potion
  3026 | D:5      | Entered Level 5 of the Dungeon
  3036 | D:5      | Reached skill level 7 in Axes
  3114 | D:5      | Found a staircase to the Ecumenical Temple.
  3115 | D:5      | 3115 ||| PLANNING TEMPLE
  3178 | D:5      | Noticed Ijyb
  3191 | D:5      | Killed Ijyb
  3293 | D:5      | 3293 ||| Stepping ~*~*~tactically~*~*~ (stealth).
  3313 | D:5      | 3313 ||| Stepping ~*~*~tactically~*~*~ (hiding).
  3324 | D:5      | Reached XP level 8. HP: 47/48 MP: 8/8
  3499 | D:5      | Noticed Edmund
  3516 | D:5      | Killed Edmund
  3866 | D:5      | 3866 ||| READING scroll labelled SAHIHE JUG BIOC.
  3867 | D:5      | 3867 ||| READING 4 scrolls of identify.
  3867 | D:5      | 3867 ||| IDENTIFYING viscous emerald potion
  3942 | Temple   | Entered the Ecumenical Temple
  3942 | Temple   | Noticed an ice devil
  3942 | Temple   | Noticed a hellion
  3942 | Temple   | Noticed a hellwing
  3942 | Temple   | Noticed a reaper
  3943 | Temple   | Noticed Ateyts the pandemonium lord
  3943 | Temple   | Noticed a cacodemon
  3943 | Temple   | Noticed Heeg the pandemonium lord
  3943 | Temple   | Noticed a red devil
  3944 | Temple   | Noticed an Ice Fiend
  3973 | Temple   | Noticed Nuduur the pandemonium lord
  3981 | Temple   | 3981 ||| PLANNING OKAWARU WORSHIP
  3992 | Temple   | Noticed a Hell Sentinel
  3992 | Temple   | Noticed Zorromaywi the pandemonium lord
  4000 | Temple   | Noticed a blizzard demon
  4001 | Temple   | Noticed Myreu the pandemonium lord
  4018 | Temple   | Noticed an orange demon
  4019 | Temple   | Noticed Vatiusk the pandemonium lord
  4019 | Temple   | Noticed a hellwing
  4078 | Temple   | Became a worshipper of Warmaster Okawaru
  4079 | Temple   | 4079 ||| PLANNING D:1-11
  4194 | D:6      | Reached skill level 8 in Axes
  4197 | D:6      | 4197 ||| Stepping ~*~*~tactically~*~*~ (hiding).
  4303 | D:6      | Reached skill level 6 in Fighting
  4390 | D:6      | 4390 ||| Stepping ~*~*~tactically~*~*~ (stealth).
  4591 | D:6      | 4591 ||| DRINKING 2 potions of curing.
  4591 | D:6      | 4591 ||| (to cure confusion)
  4635 | D:6      | 4635 ||| Stepping ~*~*~tactically~*~*~ (hiding).
  4638 | D:6      | 4638 ||| Stepping ~*~*~tactically~*~*~ (hiding).
  4802 | D:6      | 4802 ||| Stepping ~*~*~tactically~*~*~ (stealth).
  4810 | D:6      | 4810 ||| Stepping ~*~*~tactically~*~*~ (stealth).
  4811 | D:6      | 4811 ||| Stepping ~*~*~tactically~*~*~ (stealth).
  4834 | D:6      | 4834 ||| Stepping ~*~*~tactically~*~*~ (stealth).
  4847 | D:6      | Reached * piety under Okawaru
  4857 | D:6      | 4857 ||| FLEEEEING.
  4858 | D:6      | 4858 ||| FLEEEEING.
  4859 | D:6      | 4859 ||| FLEEEEING.
  4860 | D:6      | 4860 ||| FLEEEEING.
  4864 | D:6      | 4864 ||| FLEEEEING.
  4865 | D:6      | 4865 ||| FLEEEEING.
  4866 | D:6      | 4866 ||| FLEEEEING.
  4867 | D:6      | 4867 ||| FLEEEEING.
  4868 | D:6      | 4868 ||| FLEEEEING.
  4869 | D:6      | 4869 ||| FLEEEEING.
  4870 | D:6      | 4870 ||| FLEEEEING.
  4871 | D:6      | 4871 ||| FLEEEEING.
  4872 | D:6      | 4872 ||| FLEEEEING.
  4873 | D:6      | 4873 ||| FLEEEEING.
  4874 | D:6      | 4874 ||| FLEEEEING.
  4875 | D:6      | 4875 ||| FLEEEEING.
  4877 | D:6      | 4877 ||| FLEEEEING.
  4880 | D:6      | 4880 ||| FLEEEEING.
  4881 | D:6      | 4881 ||| FLEEEEING.
  4882 | D:6      | 4882 ||| FLEEEEING.
  4886 | D:6      | 4886 ||| FLEEEEING.
  4887 | D:6      | 4887 ||| FLEEEEING.
  4893 | D:6      | 4893 ||| FLEEEEING.
  4894 | D:6      | 4894 ||| FLEEEEING.
  4896 | D:6      | 4896 ||| Stepping ~*~*~tactically~*~*~ (hiding).
  5019 | D:6      | 5019 ||| Stepping ~*~*~tactically~*~*~ (hiding).
  5208 | D:6      | Reached skill level 1 in Invocations
  5208 | D:6      | Reached XP level 9. HP: 55/55 MP: 8/10
  5228 | D:6      | 5228 ||| FLEEEEING.
  5229 | D:6      | 5229 ||| FLEEEEING.
  5230 | D:6      | 5230 ||| FLEEEEING.
  5233 | D:6      | 5233 ||| Stepping ~*~*~tactically~*~*~ (hiding).
  5236 | D:6      | 5236 ||| Stepping ~*~*~tactically~*~*~ (hiding).
  5237 | D:6      | 5237 ||| Stepping ~*~*~tactically~*~*~ (hiding).
  5238 | D:6      | 5238 ||| INVOKING Heroism.
  5316 | D:6      | 5316 ||| INVOKING Heroism.
  5422 | D:6      | Found a shadowy altar of Dithmenos.
  5437 | D:6      | Reached skill level 9 in Axes
  5764 | D:6      | 5764 ||| READING 2 scrolls labelled EHIREDOBBO.
  5765 | D:6      | 5765 ||| READING 3 scrolls of identify.
  5765 | D:6      | 5765 ||| IDENTIFYING clear potion
  5766 | D:6      | 5766 ||| DROPPING scroll of immolation.
  5840 | D:7      | Reached skill level 3 in Invocations
  5848 | D:7      | 5848 ||| Stepping ~*~*~tactically~*~*~ (stealth).
  5921 | D:7      | 5921 ||| Stepping ~*~*~tactically~*~*~ (hiding).
  5964 | D:7      | 5964 ||| INVOKING Heroism.
  5992 | D:7      | 5992 ||| INVOKING Heroism.
  6016 | D:7      | Noticed Menkaure
  6017 | D:7      | 6017 ||| Stepping ~*~*~tactically~*~*~ (hiding).
  6018 | D:7      | 6018 ||| Stepping ~*~*~tactically~*~*~ (hiding).
  6023 | D:7      | 6023 ||| INVOKING Heroism.
  6026 | D:7      | Killed Menkaure
  6609 | D:7      | 6609 ||| UPGRADING to +0 plate armour.
  6619 | D:7      | 6619 ||| DROPPING +0 chain mail.
  6620 | D:7      | 6620 ||| UPGRADING to +0 pair of gloves.
  6625 | D:7      | 6625 ||| READING 2 scrolls labelled UNKUPR NAUXKY.
  6626 | D:7      | 6626 ||| READING scroll of enchant armour.
  6626 | D:7      | 6626 ||| ENCHANTING +0 pair of gloves.
  6691 | D:8      | 6691 ||| INVOKING Heroism.
  6722 | D:8      | 6722 ||| FLEEEEING.
  6723 | D:8      | 6723 ||| FLEEEEING.
  6755 | D:8      | 6755 ||| Stepping ~*~*~tactically~*~*~ (stealth).
  6759 | D:8      | 6759 ||| Stepping ~*~*~tactically~*~*~ (stealth).
  6806 | D:8      | 6806 ||| INVOKING Heroism.
  6807 | D:8      | 6807 ||| Stepping ~*~*~tactically~*~*~ (cloud).
  6809 | D:8      | 6809 ||| Stepping ~*~*~tactically~*~*~ (hiding).
  6810 | D:8      | 6810 ||| Stepping ~*~*~tactically~*~*~ (hiding).
  6823 | D:8      | 6823 ||| Stepping ~*~*~tactically~*~*~ (hiding).
  6828 | D:8      | 6828 ||| INVOKING Heroism.
  6842 | D:8      | HP: 14/57 [wight/+0 trident (3)]
  6843 | D:8      | 6843 ||| READING 3 scrolls of teleportation.
  6845 | D:8      | Reached skill level 6 in Armour
  7013 | D:8      | Reached ** piety under Okawaru
  7014 | D:8      | Reached XP level 10. HP: 57/63 MP: 13/13
  7301 | D:8      | Noticed an ice statue
  7302 | D:8      | 7302 ||| INVOKING Heroism.
  7320 | D:8      | 7320 ||| INVOKING Heroism.
  7321 | D:8      | 7321 ||| READING scroll labelled SAL ZIDUYG YRI.
  7323 | D:8      | 7323 ||| Stepping ~*~*~tactically~*~*~ (cloud).
  7325 | D:8      | HP: 6/63 [ice beast[an ice statue] (12)]
  7326 | D:8      | 7326 ||| READING 2 scrolls of teleportation.
  7326 | D:8      | Mangled by an ice beast

Levels and vault maps discovered:
D:1:      dpeg_arrival_subterranean_lakeside_camping, layout_basic,
          nicolae_shop_unique_rings, minmay_pentomino_t2
D:2:      minmay_evil_eye, layout_loops_ring, minivault_24
D:3:      layout_loops_cross, nicolae_kikubaaqudgha_miasma_corner,
          hellmonk_ecumenical_altar_leap_of_faith, minmay_misc_feat_nine_boxes,
          chequers_hall_statues_wall_a, corexii_corridor_pit, uniq_sigmund
D:4:      layout_basic, zin_scriptorium, uniq_crazy_yiuf_cottage
D:5:      layout_gridville, temple_pool_b, chequers_serial_rivers_marsh,
          uniq_ijyb, uniq_edmund
D:6:      layout_layer_cave, mainiacjoe_overflow_catwalk
D:7:      layout_loops_ring, uniq_menkaure
D:8:      minmay_separated_statues, layout_basic
Temple:   nicolae_temple_panitentiary

Skill      XL: |  1  2  3  4  5  6  7  8  9 |
---------------+----------------------------+-----
Axes           | 2 3 5 7 8 9 |  9.6
Fighting       | 4 6 7 |  7.2
Dodging        | 1 |  1.9
Throwing       | 1 |  1.0
Armour         | 4 6 |  6.1
Invocations    | 1 4 |  4.1
Shields        | 4 |  4.0

Action                     |  1- 3 |  4- 6 |  7- 9 | 10-12 || total
---------------------------+-------+-------+-------+-------++-------
  Melee: War axe           |    59 |    50 |   345 |    35 ||   489
  Throw: Boomerang         |    47 |    21 |    15 |       ||    83
 Invoke: Heroism           |       |       |     8 |     2 ||    10
    Use: Scroll            |     5 |     2 |     9 |     2 ||    18
         Potion            |     1 |     2 |     1 |       ||     4
 Armour: Scale mail        |    26 |    33 |    14 |       ||    73
         Chain mail        |       |       |   143 |       ||   143
         Plate armour      |       |       |    44 |    23 ||    67
  Dodge: Dodged            |    18 |    28 |   118 |    10 ||   174
  Block: Buckler           |     9 |     8 |    48 |     4 ||    69

Table legend:
 A = Non-vault XP
 B = Vault XP
 C = Vault XP percentage of total XP
 D = Non-vault monster count
 E = Vault monster count
 F = Vault count percentage of total count
                 A         B        C        D         E       F
            +---------+---------+-------+---------+---------+-------
      Total |    4215 |     613 |  12.7 |     149 |      14 |   8.6
            +---------+---------+-------+---------+---------+-------
        D:1 |       5 |      11 |  68.8 |       3 |       8 |  72.7
        D:2 |      45 |       4 |   8.2 |      16 |       2 |  11.1
        D:3 |     225 |     226 |  50.1 |      21 |       1 |   4.5
        D:4 |     468 |       0 |   0.0 |      22 |       0 |   0.0
        D:5 |     407 |     207 |  33.7 |      18 |       2 |  10.0
        D:6 |    1119 |       0 |   0.0 |      37 |       0 |   0.0
        D:7 |    1009 |     165 |  14.1 |      15 |       1 |   6.2
        D:8 |     937 |       0 |   0.0 |      17 |       0 |   0.0
            +---------+---------+-------+---------+---------+-------
